 Dungeon Crawl Stone Soup version 0.25.1-2-g60ff931df9 (webtiles) character file.

Game seed: 1567505932452875878

2609 Acheron the Grappler (level 9, -3/83 HPs)
             Began as a Troll Hunter on Nov 1, 2020.
             Slain by a troll (11 damage)
             ... on level 10 of the Dungeon.
             The game lasted 00:18:44 (3899 turns).

Acheron the Grappler (Troll Hunter)                 Turns: 3899, Time: 00:18:44

Health: -3/83      AC:  6    Str: 22    XL:     9   Next: 34%
Magic:  9/9        EV: 12    Int:  7    God:
Gold:   258        SH:  0    Dex: 13    Spells: 9/9 levels left

rFire    . . .     SeeInvis .     - Unarmed
rCold    . . .     Gourm    +   (no shield)
rNeg     . . .     Faith    .   b - +0 robe
rPois    .         Spirit   .   (helmet restricted)
rElec    .         Reflect  .   (no cloak)
rCorr    .         Harm     .   (gloves unavailable)
MR       .....                  (boots unavailable)
Stlth    ++........             (no amulet)
HPRegen  0.63/turn              (no ring)
MPRegen  0.11/turn              (no ring)

@: about to teleport
A: large, unfitting armour, claws 3, fast metabolism 3, gourmand, regeneration
1, shaggy fur 1, tough skin 3
a: no special abilities


You were on level 10 of the Dungeon.
You were full.

You visited 1 branch of the dungeon, and saw 10 of its levels.

You collected 258 gold pieces.

Inventory:

Hand Weapons
 a - a +0 short sword
 k - a +1 whip of freezing
 q - a +2 dagger of venom
 r - a cursed -1 hunting sling
 t - a +4 war axe
Missiles
 c - 10 large rocks (quivered)
 d - 2 throwing nets
 g - 37 poisoned darts
 l - 12 javelins
 n - 89 stones
Armour
 b - a +0 robe (worn)
Wands
 p - a wand of acid (7)
Scrolls
 i - 2 scrolls of teleportation
 m - 3 scrolls of identify
 o - 3 scrolls of magic mapping {unknown}
 s - a scroll of enchant weapon
Potions
 e - 2 potions of curing
 h - 3 potions of stabbing
 j - a potion of lignification
 u - a potion of flight {unknown}
Comestibles
 f - 11 rations


   Skills:
 * Level 3.5 Fighting
 * Level 5.1 Throwing
 * Level 4.5 Dodging
 * Level 2.3 Stealth
 * Level 8.6 Unarmed Combat
 * Level 0.6 Spellcasting
 * Level 2.2 Evocations


You had 9 spell levels left.
You didn't know any spells.
Your spell library was empty.

Dungeon Overview and Level Annotations

Branches:
Dungeon (10/15)               Orc (0/2) D:9
 Temple: D:4-7         Lair: D:8-11

Altars:

Annotations:
D:2 Robin
D:8 exclusion: downstairs, Harold
D:9 exclusion: obsidian statue


Innate Abilities, Weirdness & Mutations

You are too large for most types of armour.
You have claws for hands.
Your metabolism is lightning-fast.
You like to eat raw meat.
Your natural rate of healing is unusually fast.
You are covered in fur. (AC +1)
You have extremely tough skin. (AC +3)


Message History

The troll closely misses you. The troll barely misses you. The troll claws you.
The troll closely misses you. The troll barely misses you.
The troll misses you.
There is an escape hatch in the floor here.
The troll bites you! The troll claws you. The troll completely misses you.
The hound bites you.
You slide downwards.
The hatch slams shut behind you.
An orc and an orc warrior come into view.
Found a ration.
The orc shouts!
The troll bites you!
* * * LOW HITPOINT WARNING * * *
The troll claws you!
* * * LOW HITPOINT WARNING * * *
The troll claws you.
* * * LOW HITPOINT WARNING * * *
An orc comes into view.
As you read the scroll of teleportation, it crumbles to dust.
You feel strangely unstable. The troll bites you!
You die...

..#.. .P.
.#.. .≈≈PP
...##+#≈PP≈P
#.......PP≈P
#.......PP♣≈
#.......≈P≈≈
#........≈P
#%.@T..#
#......#
#......#
#o.....#
....#####
..oo..
......
...... ..###


You could see a troll, an orc warrior and 2 orcs.

Vanquished Creatures
  Pikel (D:7)
  A centaur zombie (D:9)
  2 wyverns
  3 sky beasts
  An eye of draining (D:8)
  An ice beast (D:9)
  A slave (D:7)
  An ogre (D:9)
  A centaur (D:9)
  A crocodile (D:9)
  3 bullfrogs
  A big kobold (D:8)
  2 scorpions
  2 jellies
  A centaur skeleton (D:7)
  A hound (D:8)
  3 orc priests
  2 orc wizards (D:5)
  2 iguanas
  A worker ant (D:3)
  A hound skeleton (D:7)
  A gnoll (D:1)
  7 adders
  An adder skeleton (D:5)
  2 dart slugs
  4 leopard geckos
  9 orcs
  A ball python (D:3)
  2 giant cockroaches
  5 goblins
  10 hobgoblins
  5 jackals
  2 quokkas
  5 bats
  2 frilled lizards (D:1)
  10 kobolds
  A quokka zombie (D:6)
  5 rats
104 creatures vanquished.

Vanquished Creatures (others)
  A bullfrog zombie (D:7)
  4 toadstools (D:1)
5 creatures vanquished.

Grand Total: 109 creatures vanquished

Notes
Turn   | Place    | Note
-------+----------+-------------------------------------------
     0 | D:1      | Acheron the Troll Hunter began the quest for the Orb.
     0 | D:1      | Reached XP level 1. HP: 19/19 MP: 0/0
   216 | D:1      | Reached XP level 2. HP: 28/28 MP: 1/1
  1083 | D:2      | Reached XP level 3. HP: 22/35 MP: 2/2
  1147 | D:2      | Reached skill level 1 in Unarmed Combat
  1382 | D:3      | Reached XP level 4. HP: 33/42 MP: 3/3
  1435 | D:3      | Reached skill level 1 in Stealth
  1435 | D:3      | Reached skill level 2 in Unarmed Combat
  1756 | D:2      | Noticed Robin
  1763 | D:2      | Reached XP level 5. HP: 49/49 MP: 4/4
  1895 | D:4      | Reached skill level 3 in Unarmed Combat
  1897 | D:4      | Noticed an ogre
  1905 | D:5      | Entered Level 5 of the Dungeon
  2054 | D:5      | Noticed a sky beast
  2064 | D:5      | Reached XP level 6. HP: 53/57 MP: 5/5
  2074 | D:5      | Killed a sky beast
  2074 | D:5      | Reached skill level 4 in Unarmed Combat
  2374 | D:6      | Noticed a sky beast
  2381 | D:6      | Killed a sky beast
  2381 | D:6      | Reached XP level 7. HP: 57/66 MP: 6/6
  2432 | D:6      | Reached skill level 5 in Unarmed Combat
  2865 | D:7      | Noticed Pikel
  2877 | D:7      | Killed Pikel
  2877 | D:7      | Reached skill level 6 in Unarmed Combat
  2877 | D:7      | Reached skill level 1 in Evocations
  2877 | D:7      | Reached XP level 8. HP: 33/74 MP: 7/7
  3154 | D:9      | Reached skill level 7 in Unarmed Combat
  3244 | D:9      | Noticed an obsidian statue
  3380 | D:10     | Entered Level 10 of the Dungeon
  3389 | D:9      | Reached skill level 8 in Unarmed Combat
  3389 | D:9      | Reached XP level 9. HP: 83/83 MP: 9/9
  3447 | D:9      | Reached skill level 5 in Throwing
  3617 | D:8      | Noticed Harold
  3888 | D:9      | Noticed a troll
  3892 | D:9      | Found a staircase to the Orcish Mines.
  3899 | D:10     | Slain by a troll

Illustrated notes

Levels and vault maps discovered:
D:1:      ldierk_water_garden, layout_loops_ring
D:2:      layout_loops_corners, yredelemnul_altar_generic,
          minmay_joined_circles, uniq_robin
D:3:      layout_rooms, grunt_temple_overflow_open
D:4:      layout_layer_cave, kennysheep_little_box, led_sif_pool,
          overflow_temple_1_default, minmay_temple_entry_glassed_door,
          minmay_misc_feat_columns, minmay_manual_mandibuliform
D:5:      layout_loops_ring, first_ration, serial_shops, shop
D:6:      layout_gridville, vehumet_altar_wand_db, uniq_eustachio
D:7:      minmay_chambers_of_fours, layout_loops_ring, uniq_pikel
D:8:      layout_loops_ring, uniq_harold
D:9:      layout_gridville, orc_0_dummy, hangedman_little_slice_of_home,
          minmay_statue_bubble
D:10:     layout_gridville, serial_bayou, serial_bayou_lake_a,
          serial_bayou_lagoon_a, serial_bayou_ford_a, serial_bayou_pond_a,
          basic_altar, uniq_fannar, uniq_snorg

Skill      XL: |  1  2  3  4  5  6  7  8  9 |
---------------+----------------------------+-----
Throwing       | 4 5 |  5.1
Dodging        | 2 3 4 |  4.5
Unarmed Combat | 1 2 3 4 6 8 |  8.6
Fighting       | 2 3 |  3.5
Stealth        | 1 2 |  2.3
Evocations     | 1 2 |  2.2
Spellcasting   | |  0.6

Action                   |  1- 3 |  4- 6 |  7- 9 || total
-------------------------+-------+-------+-------++-------
Melee: Unarmed           |   150 |   140 |    95 ||   385
       Punch             |       |     1 |     4 ||     5
Throw: Large rock        |       |       |    10 ||    10
  Use: Scroll            |     3 |     5 |     6 ||    14
       Potion            |       |     2 |       ||     2
 Stab: Sleeping          |       |     1 |     1 ||     2
       Distracted        |       |       |     1 ||     1
  Eat: Chunk             |    18 |     9 |    12 ||    39
Armor: Robe              |    74 |    46 |    22 ||   142
Dodge: Dodged            |    94 |    60 |    50 ||   204
